 Dungeon Crawl Stone Soup version 0.26.0-10-g1f06aea511 (webtiles) character file.

Game seed: 7234325561806734631

2085 Dani the Chopper (level 9, 0/106 HPs)
             Began as a Demonspawn Fighter on Jan 16, 2021.
             Was an Initiate of Gozag.
             Slain by a killer bee (4 damage)
             ... on level 7 of the Dungeon.
             The game lasted 00:16:40 (9719 turns).

Dani the Chopper (Demonspawn Fighter)               Turns: 9719, Time: 00:16:41

Health: 0/106      AC: 24    Str: 19    XL:     9   Next: 6%
Magic:  0/9        EV:  2    Int: 16    God:    Gozag
Gold:   588        SH: 11    Dex: 13    Spells: 8/8 levels left

rFire    . . .     SeeInvis .   a - +1 war axe
rCold    . . .     Faith    .   c - +1 kite shield
rNeg     + + +     Spirit   +   (armour currently unavailable)
rPois    +         Reflect  .   (helmet currently unavailable)
rElec    .         Harm     .   (cloak currently unavailable)
rCorr    .         Rampage  .   (gloves currently unavailable)
Will     .....     NoTele   +   (boots currently unavailable)
Stlth    +.........             s - amulet of guardian spirit
HPRegen  0.27/turn              r - +6 ring of intelligence
MPRegen  0.11/turn              (no ring)

@: tree-form, gold aura
A: powered by death 1
a: Renounce Religion, Potion Petition, Call Merchant, Bribe Branch


You were on level 7 of the Dungeon.
You worshipped Gozag.
Gozag was pleased with you.
You were a tree.
You visited 1 branch of the dungeon, and saw 7 of its levels.
You also visited: Ossuary.

You collected 1097 gold pieces.
You paid 509 gold pieces to Gozag.

Inventory:

Hand Weapons
 a - a +1 war axe (weapon)
Missiles
 j - 35 poisoned darts (quivered)
 q - a throwing net
Armour
 b - a +0 scale mail (melded)
 c - a +1 kite shield (worn)
Jewellery
 r - a +6 ring of intelligence (left branch)
 s - an amulet of guardian spirit (around neck)
 B - an uncursed ring of flight {unknown}
Wands
 i - a wand of flame (36)
 p - a wand of random effects (26)
 C - a wand of digging (7)
Scrolls
 h - 6 scrolls of remove curse
 k - 2 scrolls of amnesia
 n - 3 scrolls of identify
 o - 4 scrolls of immolation
 t - 4 scrolls of blinking {unknown}
 u - a scroll of magic mapping {unknown}
 x - a scroll of fog
 y - a scroll of brand weapon {unknown}
Potions
 d - 4 potions of might
 f - 4 potions of flight
 g - 4 potions of mutation
 l - 2 potions of brilliance {unknown}
 m - a potion of attraction
 w - 2 potions of magic
 z - a potion of resistance {unknown}


   Skills:
 + Level 6.4 Fighting
 * Level 7.7 Axes
 - Level 2.6 Armour
 + Level 5.9 Shields
 + Level 2.7 Evocations


You had 8 spell levels left.
You didn't know any spells.
Your spell library contained the following spells:

 Spells                   Type           Power        Failure   Level
 Animate Skeleton         Necr           0%           63%         1
 Pain                     Necr           0%           63%         1
 Vampiric Draining        Necr           0%           94%         3
 Animate Dead             Necr           0%           100%        4
 Agony                    Necr           0%           100%        5


Dungeon Overview and Level Annotations

Branches:
Dungeon (7/15)             Temple (0/1) D:4         Ossuary (visited)

Altars:
Elyvilon
Fedhas
Gozag
Hepliaklqana
Makhleb
Nemelex Xobeh
Okawaru
Qazlal
Ru
Wu Jian
Xom
Yredelemnul
Zin

Shops:
D:7 [

Annotations:
D:6 exclusion: door
D:7 4 exclusions


Innate Abilities, Weirdness & Mutations

((You have very sharp fingernails.))
((Your flesh is heat resistant. (rF+)))
You regenerate a little health from kills.
((Your movements are slightly less encumbered by armour. (ER -2)))


Message History

The killer bee is no longer distracted by gold.
The killer bee stings you but does no damage. x2
You block the killer bee's attack. The killer bee barely misses you.
The killer bee stings you but does no damage.
Unknown command.
Unknown command.
You slash the killer bee!
The killer bee is almost dead.
You closely miss the killer bee.
The killer bee stings you but does no damage.
The killer bee becomes distracted by the nearby gold, dreaming of imaginary riches.
You block the killer bee's attack.
The killer bee buzzes angrily.
You closely miss the killer bee.
The killer bee is almost dead.
You hit the killer bee.
The killer bee is no longer distracted by gold.
The killer bee stings you.
You die...
Your body crumbles into a pile of gold.

#.#
#.# .#
#.# .#
#.# .#
#.# .#
#.# y#
#.##y#
#.#yy#
#.#♣#
#...#
#####


You could see 4 killer bees.

Vanquished Creatures
  2 ice beasts
  A sky beast (D:7)
  2 phantoms (D:4)
  4 ogres
  A bullfrog (D:4)
  A scorpion (D:4)
  2 killer bees (D:7)
  A howler monkey (D:5)
  2 human zombies (Ossuary)
  2 centaur zombies
  6 orc priests
  A bullfrog skeleton (D:5)
  3 hounds
  An orc wizard (D:7)
  A centaur skeleton (D:7)
  Ijyb (D:4)
  6 worker ants
  A killer bee zombie (D:5)
  A big kobold zombie (Ossuary)
  A hound skeleton (D:6)
  5 mummies (Ossuary)
  Robin (D:2)
  12 adders
  A white imp (D:5)
  2 ufetubi
  2 oozes (D:2)
  4 worms
  2 dart slugs (D:5)
  4 leopard geckos
  22 orcs
  3 bats
  9 giant cockroaches
  A gnoll zombie (Ossuary)
  13 goblins
  15 hobgoblins
  10 jackals
  2 ball pythons (D:3)
  12 frilled lizards
  A jackal skeleton (D:4)
  12 kobolds
  A kobold zombie (Ossuary)
  2 orc zombies (Ossuary)
  11 rats
187 creatures vanquished.

Notes
Turn   | Place    | Note
-------+----------+-------------------------------------------
     0 | D:1      | Dani the Demonspawn Fighter began the quest for the Orb.
     0 | D:1      | Reached XP level 1. HP: 18/18 MP: 1/1
    67 | D:1      | Reached skill level 2 in Axes
   190 | D:1      | Gained mutation: You regenerate a little health from kills.
                  | [demonic ancestry]
   190 | D:1      | Reached XP level 2. HP: 23/24 MP: 2/2
   826 | D:1      | Reached XP level 3. HP: 29/29 MP: 3/3
  1180 | D:2      | Noticed Robin
  1194 | D:2      | Killed Robin
  1195 | D:2      | Reached skill level 3 in Axes
  1203 | D:2      | Gained mutation: Your movements are slightly less
                  | encumbered by armour. (ER -2) [demonic ancestry]
  1203 | D:2      | Reached XP level 4. HP: 35/35 MP: 4/4
  1245 | D:2      | Found a stormy altar of Qazlal.
  3203 | D:3      | Gained mutation: Your flesh is heat resistant. (rF+)
                  | [demonic ancestry]
  3203 | D:3      | Reached XP level 5. HP: 38/42 MP: 5/5
  3263 | D:3      | Found an opulent altar of Gozag.
  3356 | D:3      | Became a worshipper of Gozag Ym Sagoz the Greedy
  3432 | D:3      | Reached skill level 4 in Axes
  3843 | D:3      | Gained mutation: You have sharp fingernails. [demonic
                  | ancestry]
  3843 | D:3      | Reached XP level 6. HP: 48/48 MP: 6/6
  4082 | D:4      | Noticed Ijyb
  4490 | D:4      | Found an ornate altar of the Wu Jian Council.
  4508 | D:4      | Killed Ijyb
  4539 | D:4      | Found a sacrificial altar of Ru.
  4560 | D:4      | Found a staircase to the Ecumenical Temple.
  4592 | D:4      | Found an iron altar of Okawaru.
  4604 | D:4      | Found a sand-covered staircase.
  4609 | Ossuary  | Entered an ossuary
  4913 | Ossuary  | Reached skill level 5 in Axes
  5239 | Ossuary  | Reached XP level 7. HP: 53/55 MP: 7/7
  5497 | D:4      | Found a sparkling altar of Nemelex Xobeh.
  5633 | D:4      | Found a hazy altar of Hepliaklqana.
  5667 | D:4      | Reached skill level 5 in Fighting
  5937 | D:4      | Found a glowing silver altar of Zin.
  5988 | D:4      | Found a white marble altar of Elyvilon.
  6040 | D:4      | Found a basalt altar of Yredelemnul.
  6088 | D:4      | Reached skill level 6 in Axes
  6467 | D:4      | Found a burning altar of Makhleb.
  6471 | D:4      | Found a shimmering altar of Xom.
  6609 | D:5      | Entered Level 5 of the Dungeon
  6680 | D:5      | Gained mutation: You have very sharp fingernails. [demonic
                  | ancestry]
  6680 | D:5      | Reached XP level 8. HP: 63/63 MP: 8/8
  6712 | D:5      | Reached skill level 5 in Shields
  7767 | D:6      | Reached skill level 1 in Evocations
  7987 | D:6      | HP: 3/64 [orc priest/nerve-wracking pain (12)]
  7988 | D:6      | Reached skill level 7 in Axes
  9209 | D:7      | Reached XP level 9. HP: 34/71 MP: 5/9
  9624 | D:7      | Found a blossoming altar of Fedhas.
  9712 | D:7      | HP: 4/106 [killer bee (6)]
  9719 | D:7      | Slain by a killer bee

Illustrated notes

Levels and vault maps discovered:
D:1:      lemuel_arrival_behind_the_door_large, layout_basic,
          chequers_serial_rivers_small_a, chequers_serial_rivers_small_3
D:2:      wad_crossroads, layout_loops_corners, lemuel_coloured_pillars_altar,
          uniq_robin
D:3:      layout_loops_ring, grunt_gozag_statues
D:4:      layout_cave_pools, kennysheep_ying_yang, old_standard_altar,
          overflow_temple_1_default, minitemple,
          gammafunk_temple_overflow_forgotten, temple_fountains,
          enter_ossuary_2, uniq_ijyb
D:5:      layout_basic, kennysheep_generic_room_15
D:6:      layout_basic, nrook_pool_corridor
D:7:      layout_basic, fedhas_ov_isle_minmay, nicolae_water_bricks

Skill      XL: |  1  2  3  4  5  6  7  8 |
---------------+-------------------------+-----
Axes           | 2 3 4 5 6 7 |  7.7
Shields        | 3 4 5 |  5.9
Fighting       | 4 5 6 |  6.4
Evocations     | 2 |  2.7
Armour         | |  2.6

Action                   |  1- 3 |  4- 6 |  7- 9 || total
-------------------------+-------+-------+-------++-------
Melee: War axe           |   115 |   320 |   307 ||   742
Throw: Dart              |       |     1 |       ||     1
Invok: Call Merchant     |       |       |     1 ||     1
Evoke: Wand              |       |     2 |    14 ||    16
  Use: Scroll            |       |     7 |     9 ||    16
       Potion            |       |     2 |     4 ||     6
 Stab: Distracted        |       |     1 |     4 ||     5
       Paralysed         |       |       |     4 ||     4
Armor: Scale mail        |    68 |    84 |    93 ||   245
       Skin              |       |       |    15 ||    15
Dodge: Dodged            |    36 |    90 |   106 ||   232
Block: Kite shield       |    84 |   137 |   180 ||   401
